 Dungeon Crawl Stone Soup version 0.20-a0-261-gcb1eca7 (webtiles) character file.

249 trey113 the Shield-Bearer (level 5, -1/47 HPs)
             Began as a Minotaur Fighter on Dec 3, 2016.
             Slain by an ogre
             ... wielding a +0 giant club
              (25 damage)
             ... on level 4 of the Dungeon.
             The game lasted 00:11:54 (2867 turns).

trey113 the Shield-Bearer (Minotaur Fighter)        Turns: 2867, Time: 00:11:54

Health: -1/47      AC: 11    Str: 21    XL:     5   Next: 87%
Magic:  4/4        EV:  5    Int:  5    God:
Gold:   129        SH: 10    Dex: 10    Spells: 4/4 levels left

rFire  . . .     SeeInvis .     a - +0 war axe
rCold  . . .     Gourm    .     q - +1 chain mail
rNeg   . . .     Faith    .     c - +0 shield
rPois  .         Spirit   .     s - +1 hat
rElec  .         Reflect  .     (no cloak)
rCorr  .         Harm     .     (no gloves)
MR     .....                    (no boots)
Stlth  ..........               (no amulet)
                                (no ring)
                                (no ring)

@: no status effects
A: retaliatory headbutt, horns 2
a: no special abilities


You were on level 4 of the Dungeon.
You were hungry.

You visited 1 branch of the dungeon, and saw 4 of its levels.

You collected 129 gold pieces.

Inventory:

Hand Weapons
 a - a +0 war axe (weapon)
Armour
 b - a +0 scale mail
 c - a +0 shield (worn)
 q - a +1 chain mail (worn)
 s - a +1 hat (worn)
Wands
 r - a wand of slowing (19/48)
Scrolls
 e - a scroll of fog
 i - 2 scrolls of magic mapping
 j - 3 scrolls of teleportation
 l - 7 scrolls of identify
 n - 2 scrolls of random uselessness {unknown}
 o - a scroll of remove curse
 t - 3 scrolls of blinking {unknown}
 u - a scroll of immolation {unknown}
Potions
 d - a potion of might
 g - 2 potions of brilliance {unknown}
 h - a potion of cancellation
Comestibles
 f - 5 bread rations
 k - 2 beef jerkies
 m - 2 fruits
 p - a meat ration


   Skills:
 + Level 4.4 Fighting
 + Level 5.0 Axes
 + Level 4.7 Armour
 + Level 5.1 Shields


You had 4 spell levels left.
You didn't know any spells.

Dungeon Overview and Level Annotations

Branches:
Dungeon (4/15)
 Temple: D:4-7

Altars:
Dithmenos


Innate Abilities, Weirdness & Mutations

You reflexively headbutt those who attack you in melee.
You have a pair of horns on your head.


Message History

You are feeling hungry.
You now have 129 gold pieces (gained 13).
An ogre comes into view. It is wielding a giant club.
You hit the ogre. You headbutt the ogre!
The ogre is moderately wounded.
The ogre hits you with a giant club!
You hit the ogre. Your headbutt misses the ogre.
The ogre is moderately wounded.
You block the ogre's attack.
Your shield and chain mail prevent you from hitting the ogre.
The ogre is moderately wounded.
The ogre hits you with a giant club!
You slash the ogre!
The ogre is severely wounded.
The ogre hits you with a giant club.
You hit the ogre but do no damage. Your headbutt misses the ogre.
The ogre is severely wounded.
The ogre hits you with a giant club!!
Ouch! That really hurt!
You die...

#... .# #...
..###... ..#... ....
##..# ##...#
####..@.##
.###......O.##
#.........#..######.
#.........##........
#........###..#####.
#........##..##
#.###....##..# #
###..#..## #..##...
#. #.....## #.......


You could see an ogre.

Vanquished Creatures
  A bullfrog (D:3)
  An iguana (D:3)
  A worker ant (D:4)
  5 adders
  4 worms
  A dart slug (D:2)
  4 leopard geckos
  5 orcs (D:4)
  4 giant cockroaches
  6 hobgoblins
  4 jackals (D:3)
  A ball python (D:2)
  15 bats
  7 frilled lizards
  5 goblins
  5 kobolds
  6 rats
75 creatures vanquished.

Notes
Turn   | Place    | Note
-------+----------+-------------------------------------------
     0 | D:1      | trey113 the Minotaur Fighter began the quest for the Orb.
     0 | D:1      | Reached XP level 1. HP: 19/19 MP: 0/0
   639 | D:1      | Reached XP level 2. HP: 26/27 MP: 1/1
  1016 | D:2      | Reached XP level 3. HP: 31/33 MP: 2/2
  1040 | D:2      | Found a shadowy altar of Dithmenos.
  1402 | D:2      | Reached XP level 4. HP: 40/40 MP: 3/3
  1570 | D:3      | Noticed a bullfrog
  1583 | D:3      | Killed a bullfrog
  1583 | D:3      | Reached XP level 5. HP: 35/46 MP: 4/4
  1804 | D:3      | Reached skill level 5 in Shields
  2291 | D:4      | Reached skill level 5 in Axes
  2844 | D:4      | Noticed an ogre
  2867 | D:4      | Slain by an ogre

Vault maps used:
D:1:      wheals_arrival_shading, minmay_misc_feat_enclosed
D:2:      nicolae_dithmenos_shadow_blocks
D:4:      first_bread, kennysheep_decorative_pillar

Skill      XL: |  1  2  3  4  5 |
---------------+----------------+-----
Fighting       | 4 |  4.4
Shields        | 4 5 |  5.1
Armour         | 4 |  4.7
Axes           | 3 4 5 |  5.0

Action                   |  1- 3 |  4- 6 || total
-------------------------+-------+-------++-------
Melee: War axe           |    80 |   113 ||   193
       Headbutt          |    10 |    11 ||    21
  Use: Scroll            |     8 |       ||     8
  Eat: Fruit             |     1 |       ||     1
       Meat ration       |       |     1 ||     1
Armor: Scale mail        |    34 |       ||    34
       Chain mail        |     6 |    63 ||    69
Dodge: Dodged            |    28 |    22 ||    50
Block: Shield            |    55 |    71 ||   126
